 Dungeon Crawl Stone Soup version 0.26-a0-737-g4e9f4955e2 (webtiles) character file.

Game seed: 11602778018248737821

44 Forecaster the Stinger (level 3, -1/28 HPs)
             Began as a Naga Venom Mage on Nov 4, 2020.
             Slain by a gnoll
             ... wielding a +0 whip
              (5 damage)
             ... on level 2 of the Dungeon.
             The game lasted 00:05:15 (1745 turns).

Forecaster the Stinger (Naga Venom Mage)            Turns: 1745, Time: 00:05:15

Health: -1/28      AC:  2    Str: 10    XL:     3   Next: 62%
Magic:  1/6        EV: 10    Int: 16    God:
Gold:   98         SH:  0    Dex: 11    Spells: 3/6 levels left

rFire    . . .     SeeInvis +   e - +0 dagger
rCold    . . .     Faith    .   (no shield)
rNeg     . . .     Spirit   .   j - +0 robe
rPois    +         Reflect  .   (no helmet)
rElec    .         Harm     .   (no cloak)
rCorr    .         Rampage  .   (no gloves)
MR       .....                  (no barding)
Stlth    ++........             (no amulet)
HPRegen  0.09/turn              (no ring)
MPRegen  0.10/turn              (no ring)

@: very slow
A: large, see invisible, deformed body, poison resistance, slowness 2, spit
poison 1, AC +1
a: Spit Poison


You were on level 2 of the Dungeon.
You visited 1 branch of the dungeon, and saw 2 of its levels.

You collected 98 gold pieces.

Inventory:

Hand Weapons
 e - a +0 dagger (weapon)
Armour
 a - a +0 robe
 d - a +0 robe
 j - a +0 robe (worn)
Scrolls
 c - a scroll of teleportation {unknown}
 f - 2 scrolls of identify {unknown}
 g - a scroll of immolation {unknown}
 i - a scroll of remove curse {unknown}
Potions
 b - a potion of heal wounds
 h - a potion of curing {unknown}


   Skills:
 + Level 2.0 Dodging
 + Level 3.1 Stealth
 + Level 2.3 Spellcasting
 + Level 1.2 Transmutations
 + Level 0.2 Air Magic
 + Level 5.0 Poison Magic


You had 3 spell levels left.
You knew the following spells:

 Your Spells              Type           Power        Failure   Level
a - Sting                 Tmut/Pois      ##..         5%          1
b - Poisonous Vapours     Pois/Air       ##....       10%         2

Your spell library contained the following spells:

 Spells                   Type           Power        Failure   Level
 Ignite Poison            Fire/Tmut/Pois #.......     26%         3
 Mephitic Cloud           Conj/Pois/Air  #.......     28%         3
 Olgreb's Toxic Radiance  Pois           ###.....     26%         4


Dungeon Overview and Level Annotations

Branches:
Dungeon (2/15)

Altars:


Innate Abilities, Weirdness & Mutations

You cannot wear boots.
Your serpentine skin is tough. (AC +1)
You have supernaturally acute eyesight. (SInv)
Armour fits poorly on your strangely shaped body.
Your system is resistant to poisons. (rPois)
You cover ground very slowly.
You can spit poison.


Message History

You kill the gnoll!
Your Poison Magic skill increases to level 5!
The gnoll hits you with a +0 whip. The gnoll closely misses you.
You completely miss the gnoll.
The gnoll is severely wounded.
The gnoll hits you but does no damage.
You completely miss the gnoll.
The gnoll is severely wounded.
The gnoll hits you with a +0 whip.
A gnoll comes into view. It is wielding a +0 mace.
You closely miss the gnoll.
The gnoll is severely wounded.
The gnoll closely misses you.
The gnoll shouts! x2
You hit the gnoll.
The gnoll is almost dead.
The gnoll hits you with a +0 whip!
* * * LOW HITPOINT WARNING * * *
The gnoll hits you with a +0 whip.
You die...

.# #. #.#.# .. #. ....
#.#.# ...#...#. .#g###.#.#
.......... ...##.#.#
#.#....... #..##.#.#
#.#.....# #..##.#.#
#)#...).# #####.)##.#.#
#.#...#.##
.........g.#.####.#...#...
.#####.g.@............)..#
......#............#....
#####.###########.##...#
#.# #.###### ..# #.# ###
#.# #.# #.. ###


You could see 2 gnolls.

Vanquished Creatures
  A gnoll (D:2)
  A dart slug (D:1)
  A ball python (D:1)
  4 bats
  A giant cockroach (D:1)
  3 goblins
  3 hobgoblins (D:1)
  7 jackals (D:1)
  4 kobolds
  A frilled lizard (D:1)
  2 rats
28 creatures vanquished.

Notes
Turn   | Place    | Note
-------+----------+-------------------------------------------
     0 | D:1      | Forecaster the Naga Venom Mage began the quest for the Orb.
     0 | D:1      | Reached XP level 1. HP: 15/15 MP: 3/3
   535 | D:1      | Reached XP level 2. HP: 22/22 MP: 0/5
   540 | D:1      | Learned a level 2 spell: Poisonous Vapours
   976 | D:1      | Reached XP level 3. HP: 17/28 MP: 1/6
  1740 | D:2      | Reached skill level 5 in Poison Magic
  1745 | D:2      | Slain by a gnoll

Illustrated notes

Levels and vault maps discovered:
D:1:      minmay_arrival_cross, layout_basic, chequers_serial_rivers_small_3,
          minmay_indecisive_spiral
D:2:      layout_loops_ring

Skill      XL: |  1  2  3 |
---------------+----------+-----
Dodging        | 2 |  2.0
Poison Magic   | 5 |  5.0
Stealth        | |  3.1
Spellcasting   | |  2.3
Transmutations | |  1.2
Air Magic      | |  0.2

Action                   || total
-------------------------++-------
Melee: Unarmed           ||     8
       Dagger            ||    37
 Cast: Sting             ||    17
       Poisonous Vapours ||    24
Armor: Robe              ||    20
Dodge: Dodged            ||    34

Table legend: (Time is in decaauts)
 A = Elapsed time spent in this place.
 B = Non-inter-level travel time spent in this place.
 C = Inter-level travel time spent in this place.
 D = Time resting spent in this place.
 E = Time spent auto-exploring this place.
 F = Levels seen in this place.
 G = Mean time per level.
                   A        B        C        D        E       F      G
               +--------+--------+--------+--------+--------+-----+--------+
         Total |   2003 |   1980 |     23 |    512 |   1204 |   2 | 1001.5 |
       Dungeon |   2003 |   1980 |     23 |    512 |   1204 |   2 | 1001.5 |
               +--------+--------+--------+--------+--------+-----+--------+

Top non-repeatable levels by time:
     D:1: 1664 daAuts
     D:2: 339 daAuts
